 Dungeon Crawl Stone Soup version 0.16-a0-3192-g4847bf6 (webtiles) character file.

2914 RobertPalmer the Prestidigitator (level 9, -6/53 HPs)
             Began as an Octopode Artificer on Dec 17, 2014.
             Splashed by a jelly's acid (10 damage)
             ... on level 6 of the Dungeon.
             The game lasted 00:29:37 (13218 turns).

RobertPalmer the Prestidigitator (OpAr)            Turns: 13218, Time: 00:29:38

Health: -6/53      AC:  1    Str: 11    XL:     9   Next: 78%
Magic:  23/23      EV: 12    Int: 14    God:
Gold:   463        SH:  8    Dex: 18    Spells: 0 memorised, 8 levels left

rFire  + . .     SeeInvis .     b - +0 flail
rCold  . . .     Clarity  .     q - +3 buckler
rNeg   . . .     SustAb   .     (helmet restricted)
rPois  .         Gourm    .     o - amulet of rage
rElec  .         Spirit   .     j - ring of protection from fire
rCorr  .         Warding  .     M - +3 ring of dexterity
rMut   .         Stasis   .     (no ring)
MR     .....                    (no ring)
Stlth  +++.......               (no ring)
                                (no ring)
                                (no ring)
                                (no ring)

@: drained, not resistant to hostile enchantments, fairly stealthy
A: almost no armour, amphibious, 8 rings, constrict 8, camouflage 1, gelatinous
body 1
a: Evoke Berserk Rage


You were on level 6 of the Dungeon.
You were hungry.

You visited 1 branch of the dungeon, and saw 6 of its levels.
You also visited: Sewer.

You collected 463 gold pieces.


Innate Abilities, Weirdness & Mutations

You cannot wear most types of armour.
You are amphibious.
You can wear up to eight rings at the same time.
You can use your tentacles to constrict many enemies at once.
Your skin changes colour to match your surroundings (Stealth).
Your rubbery body absorbs attacks (AC +1).


   Skills:
 - Level 1.0(0.9) Fighting
 - Level 1.3(1.2) Short Blades
 - Level 8.0(7.9) Maces & Flails
 - Level 2.0(1.9) Dodging
 - Level 1.3(1.2) Stealth
 - Level 2.9(2.8) Shields
 + Level 12.0(11.9) Evocations


You had 8 spell levels left.
You didn't know any spells.

Inventory:

Hand weapons
 a - a +3 rapier of venom
 b - a +0 flail (weapon)
 w - a +1 dagger of chaos
 N - the +5 long sword "Stytrux" {drain, rF+ rC- Dex-2}
   (You found it on level 6 of the Dungeon)

   A truly terrible weapon, it drains the life of those it strikes.
   It affects your dexterity (-2).
   It protects you from fire.
   It makes you vulnerable to cold.
Missiles
 h - 19 poisoned needles
 y - 7 needles of frenzy
 E - 2 throwing nets (quivered)
 F - 5 needles of sleeping
Armour
 q - a +3 buckler (worn)
Jewellery
 i - an uncursed amulet of guardian spirit
 j - a ring of protection from fire (left tentacle)
 o - an amulet of rage (around mantle)
 z - an uncursed ring of flight
 M - a +3 ring of dexterity (right tentacle)
Magical devices
 c - a wand of enslavement (10)
 d - a wand of random effects (2)
 k - a wand of polymorph (0)
 m - a wand of slowing (27)
 u - a wand of random effects (15)
 A - a wand of paralysis (0)
 D - a wand of flame (0)
 J - a wand of magic darts (12)
 K - a wand of heal wounds (4) {!d}
Scrolls
 C - a scroll of enchant armour
 G - a scroll of magic mapping
 L - 3 scrolls of remove curse
 O - a scroll of blinking
Potions
 e - 2 potions of brilliance {unknown}
 n - 4 potions of restore abilities
 p - a potion of might
 x - 3 potions of haste {unknown}
 B - 2 potions of heal wounds
 H - a potion of berserk rage {unknown}
Comestibles
 f - 5 bread rations
 g - 6 fruits
 l - 5 meat rations
 r - 2 royal jellies
 t - 3 beef jerkies
 v - a slice of pizza

Dungeon Overview and Level Annotations

Branches:
Dungeon (6/15)
 Temple: D:4-7

Altars:
Ashenzari
Cheibriados
Elyvilon
Gozag
Okawaru
Qazlal
Ru
Trog
Xom
Zin

##..# #.# ##.# ###..# #...# #.#
#.# ##.. ##..## #.# #.# ##.
###.## #.# #.########. ##.## #.#
#..#...<#.. ##.###.##
##.......... #
##.#...###........... #########
#.J........#........
........######..x..(########.....
.................>### ####..
##############...## ##.. ##..#
######... #..## ##.......# ##...#
##.###....# .#######....# ###.##
###..# .............###..## #.>.
............###..## #...


You could see a jelly.


Message History

A jelly is nearby!
A jelly is nearby!
A jelly is nearby!
A jelly is nearby!
A jelly is nearby!
You are feeling hungry.
Wield which item (- for none, * to show all)? (? for menu, Esc to quit)
Your +3 rapier of venom stops dripping with poison.
b - a +0 flail (weapon)
You catch the helpless jelly momentarily off-guard.
You hit the jelly.
The jelly is lightly wounded.
You block the jelly's attack.
Your shield prevents you from hitting the jelly.
The jelly is lightly wounded.
The jelly hits you.
You are splashed with acid!
The acid burns!
You hit the jelly. You squeeze the jelly.
The jelly is heavily wounded.
The jelly hits you.
You are splashed with acid!
The acid burns!
* * * LOW HITPOINT WARNING * * *
You hit the jelly but do no damage.
The jelly is heavily wounded.
The jelly hits you.
* * * LOW HITPOINT WARNING * * *
You are splashed with acid!
The acid burns!
* * * LOW HITPOINT WARNING * * *
The jelly hits you.
* * * LOW HITPOINT WARNING * * *
You are splashed with acid!
The acid burns!
You die...

Action                   |  1- 3 |  4- 6 |  7- 9 || total
-------------------------+-------+-------+-------++-------
Melee: Short sword       |    63 |    54 |       ||   117
       Mace              |       |    46 |       ||    46
       Whip              |       |   110 |    75 ||   185
       Flail             |       |       |   150 ||   150
       Rapier            |       |       |   152 ||   152
       Unarmed           |       |       |    12 ||    12
       Dagger            |       |       |    36 ||    36
       Long sword        |       |       |     3 ||     3
Throw: Throwing net      |       |       |     1 ||     1
 Abil: Evoke Berserk Rag |       |       |     2 ||     2
Evoke: Wand              |    10 |    21 |    18 ||    49
  Use: Potion            |     1 |     1 |     6 ||     8
       Scroll            |       |       |    20 ||    20
 Stab: Sleeping          |     6 |     1 |    11 ||    18
       Distracted        |       |     1 |     4 ||     5
       Paralysed         |       |       |     5 ||     5
       Held in net/web   |       |       |     1 ||     1
  Eat: Chunk             |     2 |    10 |    28 ||    40

Vault maps used:
D:1:      dpeg_arrival_orchard
D:2:      cheibriados_altar_1
D:3:      lemuel_castle_with_subvaults, grunt_temple_overflow_open, first_bread,
          uniq_iyjb
D:4:      elyvilon_altar_4, nicolae_ru_awakened_eye, uniq_robin, uniq_eustachio,
          uniq_grinder
D:5:      amethyst_overflow_temple_binary, nicolae_overflow_crystal_walls,
          tgw_xom, portal_sewer_entry_b, lemuel_flamethrower_2, uniq_menkaure
D:6:      kennysheep_generic_room_14
Sewer:    sewer_big_baddie

Notes
Turn   | Place    | Note
--------------------------------------------------------------
     0 | D:1      | RobertPalmer, the Octopode Artificer, began the quest for the Orb.
     0 | D:1      | Reached XP level 1. HP: 13/13 MP: 1/1
    93 | D:1      | Reached skill level 4 in Evocations
    93 | D:1      | Reached XP level 2. HP: 12/18 MP: 3/3
   306 | D:1      | Reached skill level 1 in Shields
   815 | D:2      | Reached XP level 3. HP: 7/23 MP: 5/5
  1012 | D:2      | Reached skill level 2 in Shields
  1515 | D:2      | Found a snail-covered altar of Cheibriados.
  1555 | D:2      | Reached XP level 4. HP: 24/28 MP: 6/6
  1882 | D:3      | Noticed Ijyb
  1930 | D:3      | Killed Ijyb
  2408 | D:3      | Found a bloodstained altar of Trog.
  2409 | D:3      | Found an iron altar of Okawaru.
  2409 | D:3      | Found a shattered altar of Ashenzari.
  2478 | D:3      | Reached skill level 5 in Evocations
  2526 | D:3      | Reached XP level 5. HP: 22/33 MP: 9/9
  3153 | D:3      | Reached skill level 1 in Maces & Flails
  3320 | D:3      | Reached skill level 2 in Maces & Flails
  3670 | D:3      | Reached skill level 3 in Maces & Flails
  3709 | D:3      | Reached XP level 6. HP: 32/38 MP: 11/11
  4375 | D:3      | Reached skill level 4 in Maces & Flails
  4656 | D:3      | Noticed an ogre
  4931 | D:3      | Reached skill level 5 in Maces & Flails
  4937 | D:3      | Reached XP level 7. HP: 21/43 MP: 12/12
  5151 | D:3      | Killed an ogre
  5824 | D:3      | Reached skill level 6 in Maces & Flails
  7173 | D:3      | Reached skill level 7 in Maces & Flails
  7194 | D:3      | Reached XP level 8. HP: 48/48 MP: 14/14
  7215 | D:3      | Noticed a centaur
  7433 | D:4      | Noticed Robin
  7748 | D:4      | Noticed Grinder
  8261 | D:4      | Reached skill level 8 in Maces & Flails
  8651 | D:4      | Killed Robin
  8779 | D:4      | Reached skill level 6 in Evocations
  8826 | D:4      | Noticed Eustachio
  8837 | D:4      | Killed Eustachio
  9015 | D:4      | Found a white marble altar of Elyvilon.
  9034 | D:4      | Reached skill level 7 in Evocations
  9241 | D:4      | Found a sacrificial altar of Ru.
  9372 | D:4      | Paralysed by Grinder for 2 turns
  9377 | D:4      | Paralysed by Grinder for 7 turns
  9387 | D:4      | Killed Grinder
  9387 | D:4      | Reached skill level 8 in Evocations
  9389 | D:4      | Reached XP level 9. HP: 41/53 MP: 18/20
  9542 | D:4      | Reached skill level 9 in Evocations
  9572 | D:5      | Entered Level 5 of the Dungeon
  9666 | D:5      | Found a glowing silver altar of Zin.
  9673 | D:5      | Found a stormy altar of Qazlal.
  9786 | D:5      | Found an opulent altar of Gozag.
  9790 | D:5      | Noticed Menkaure
  9816 | D:5      | Killed Menkaure
  9995 | D:5      | Reached skill level 10 in Evocations
 10042 | D:5      | Found a glowing drain.
 10056 | Sewer    | Entered a sewer
 10983 | D:5      | Reached skill level 11 in Evocations
 11380 | D:5      | Found a shimmering altar of Xom.
 12375 | D:6      | Identified a wand of heal wounds
 12618 | D:6      | Got an encrusted long sword
 12620 | D:6      | Identified the +5 long sword "Stytrux" {drain, rF+ rC- Dex-2} (You found it on level 6 of the Dungeon)
 12967 | D:6      | Reached skill level 12 in Evocations
 13215 | D:6      | HP: 5/53 [acid (12)]
 13218 | D:6      | Splashed by a jelly's acid

Vanquished Creatures
  Grinder (D:4)
  Eustachio (D:4)
  Menkaure (D:5)
  A water moccasin (D:5)
  A phantom (D:4)
  3 ogres
  A crocodile (Sewer)
  A centaur (D:5)
  5 giant frogs
  A gnoll sergeant (D:5)
  2 crimson imps
  2 gnoll shamans (D:3)
  3 orc priests
  3 hounds
  3 orc wizards
  2 centaur skeletons (D:4)
  6 worker ants
  Ijyb (D:3)
  2 worker ant zombies
  Robin (D:4)
  9 adders
  55 gnolls
  2 giant mites (D:5)
  A shadow imp (D:5)
  An adder skeleton (D:4)
  2 giant geckos
  24 orcs
  A ball python (D:5)
  20 hobgoblins
  25 jackals
  12 kobolds
  2 quokkas
  15 bats
  5 giant cockroaches
  A giant cockroach zombie (D:5)
  2 giant newts
  21 goblins
  12 rats
  A ballistomycete (D:6)
252 creatures vanquished.

Vanquished Creatures (collateral kills)
  4 gnolls (D:3)
  3 orcs (D:3)
7 creatures vanquished.

Vanquished Creatures (others)
  A centaur (D:5)
  An orc priest (D:3)
  3 gnolls
  An adder skeleton (D:5)
  3 orcs (D:5)
  A hobgoblin (D:5)
  A kobold (D:5)
  3 quokkas (D:5)
  A giant spore (D:6)
  A jackal (D:1)
  A rat (D:5)
17 creatures vanquished.

Grand Total: 276 creatures vanquished
